 Dungeon Crawl Stone Soup version 0.29.1-15-g9cfb28693d (webtiles) character file.

Game seed: 6748659977139922505

139192 Gumption the Warrior (level 16, -5/241 HPs)
             Began as a Minotaur Berserker on Mar 21, 2023.
             Was the Champion of Trog.
             Slain by a tarantella (9 damage)
             ... on level 1 of the Spider Nest on Mar 22, 2023.
             The game lasted 03:54:28 (30604 turns).

Gumption the Warrior (Minotaur Berserker)          Turns: 30604, Time: 03:54:29

Health: -5/241     AC: 27    Str: 27    XL:     16   Next: 73%
Magic:  15/15      EV:  9    Int:  6    God:    Trog [******]
Gold:   820        SH: 23    Dex:  7    Spells: 15/15 levels left

rFire   + + .      SeeInvis .   a - +3 broad axe (vorpal)
rCold   . . .      Faith    .   H - +0 tower shield "Fahiuwucae" {Will+}
rNeg    + . .      Spirit   .   Y - +0 plate armour {rF+}
rPois   .          Reflect  +   (helmet restricted)
rElec   +          Harm     .   L - +0 cloak
rCorr   .          Rampage  +   e - +2 pair of gloves of Utac {Regen+}
Will    ++++.                   f - +2 pair of boots {rampage}
Stlth   ..........              I - amulet of reflection
HPRegen 2.30/turn               G - ring of Efyapa {rElec rF+ rN+ Dex-4 Stlth+}
MPRegen 0.14/turn               R - ring of flight

@: berserking, lethally poisoned (-5 -> -8), strong-willed, flying,
regenerating, studying Fighting, very quick
A: horns 2, retaliatory headbutt
a: Renounce Religion, Berserk, Trog's Hand, Brothers in Arms


You were on level 1 of the Spider Nest.
You worshipped Trog.
Trog was exalted by your worship.
You visited 5 branches of the dungeon, and saw 26 of its levels.

You collected 3061 gold pieces.
You spent 2241 gold pieces at shops.

Inventory:

Hand Weapons
 a - a +3 vorpal broad axe (weapon)
 b - a +1 broad axe of flaming
 w - a +0 war axe of electrocution
Missiles
 g - 5 javelins
 q - 41 poisoned darts (quivered)
 s - 3 curare-tipped darts
 W - 2 throwing nets
Armour
 e - the +2 pair of gloves of Utac (worn) {Regen+}
   (You acquired it on level 11 of the Dungeon)

   Regen:     It increases your rate of health regeneration.
 f - a +2 pair of boots of rampaging (worn)
 H - the +0 tower shield "Fahiuwucae" (worn) {Will+}
   (You acquired it on level 2 of the Orcish Mines)

   Will:      It increases your willpower.
 L - a +0 cloak (worn)
 Y - a +0 plate armour of fire resistance (worn)
Jewellery
 u - a ring of protection from cold
 x - a ring of see invisible
 y - a +6 ring of dexterity
 G - the ring of Efyapa (left hand) {rElec rF+ rN+ Dex-4 Stlth+}
   (You found it on level 12 of the Dungeon)

   [ring of positive energy]

   Dex:       It affects your dexterity (-4).
   rF:        It protects you from fire.
   rElec:     It insulates you from electricity.
   rN:        It protects you from negative energy.
   Stlth:     It makes you more stealthy.
 I - an amulet of reflection (around neck)
 R - a ring of flight (right hand)
 S - a ring of fire
 U - a ring of protection from cold
 V - a +4 ring of protection
Wands
 p - a wand of mindburst (7)
 C - a wand of quicksilver (23)
 M - a wand of charming (20)
 N - a wand of flame (38)
 O - a wand of polymorph (13)
 Q - a wand of roots (5)
Scrolls
 c - a scroll of fog
 i - 6 scrolls of magic mapping
 k - 11 scrolls of teleportation
 l - 3 scrolls of immolation
 r - a scroll of identify
 t - 3 scrolls of enchant weapon
 v - 2 scrolls of enchant armour
 A - 2 scrolls of blinking
 B - a scroll of summoning
 D - a scroll of silence
 J - a scroll of fear
 T - a scroll of brand weapon
Potions
 d - 5 potions of might
 h - 3 potions of magic
 j - 6 potions of flight
 m - 4 potions of lignification
 n - 6 potions of resistance
 o - 6 potions of curing
 z - a potion of heal wounds
 E - a potion of invisibility
 F - 5 potions of mutation
 K - a potion of berserk rage
 P - a potion of cancellation
 X - a potion of ambrosia
 Z - a potion of haste


   Skills:
 + Level 19.4 Fighting
 - Level 18.0 Axes
 + Level 17.6 Armour
 - Level 10.0 Dodging
 + Level 17.5 Shields


You had 15 spell levels left.
You didn't know any spells.
Your spell library was empty.

Dungeon Overview and Level Annotations

Branches:
Dungeon (15/15)            Temple (0/1) D:6            Lair (5/5) D:8
 Shoals (3/4) Lair:3       Spider (1/4) Lair:3        Slime (0/5) Lair:4
    Orc (2/2) D:9             Elf (0/3) Orc:2        Vaults (0/5) D:13
 Depths (0/4) D:15

Altars:
Cheibriados
Elyvilon
Gozag
Makhleb
Nemelex Xobeh
Sif Muna
Trog
Uskayaw
Yredelemnul

Shops:
D:1 :   D:9 :   D:12 *   Orc:2 =*(::   Shoals:1 [   Shoals:2 (   Shoals:3 [

Portals:
Abyss: D:14
Trove: D:15 (give +7 demon blade)

Annotations:
D:11 exclusion: obsidian statue
D:14 2 transporters, Zippel's ghost, journeyman FoAr
Shoals:3 Roxanne


Innate Abilities, Weirdness & Mutations

You have a pair of horns on your head.
You reflexively headbutt those who attack you in melee.


Message History

A freezing mist starts to gather...
A culicivora simulacrum comes into view.
* * * LOW HITPOINT WARNING * * *
You feel very sick. You block the tarantella's attack.
The tarantella closely misses you. You furiously retaliate!
You headbutt the tarantella.
The jumping spider leaps!
You slice the wolf spider!!
You kill the wolf spider!
Trog accepts your kill.
You slice the culicivora simulacrum!!
The culicivora simulacrum vaporises!
You hit the tarantella. x2; You barely miss the culicivora.
A freezing mist starts to gather...
A wolf spider simulacrum comes into view.
* * * LOW HITPOINT WARNING * * *
You feel very sick. You block the tarantella's attack.
The tarantella touches you but does no damage.
You block the culicivora's attack.
You hit the wolf spider simulacrum.
You headbutt the wolf spider simulacrum.
The wolf spider simulacrum is lightly damaged.
You barely miss the culicivora. You hit the redback. You slash the tarantella!
You feel the power of Trog in you as your rage grows.
You kill the tarantella!
Trog accepts your kill.
You hit the tarantella.
A freezing mist starts to gather...
A tarantella simulacrum comes into view.
* * * LOW HITPOINT WARNING * * *
You feel very sick. The tarantella barely misses you.
The redback is healed somewhat.
You closely miss the wolf spider. You headbutt the wolf spider!
The wolf spider is moderately wounded.
You closely miss the tarantella. You slice the culicivora!!
You slice the wolf spider simulacrum!! You hit the jumping spider.
You feel sick. You block the jumping spider's attack.
The jumping spider bites you but does no damage.
You block the wolf spider simulacrum's attack. x2
The tarantella touches you!
You die...

......#....
.^........#
.....#.#..##
..#........##
#.......†...##
......Z.#....#
....#..ss°..##
...#...sss.##
.....ss@###
#^.....Z.#
#....#.###
##...## #...
s.


You could see a wolf spider (soul bound), a culicivora (soul bound), a jumping
spider (soul bound), 3 tarantellas, a redback (soul bound), a wolf spider
simulacrum and a tarantella simulacrum.

Vanquished Creatures
  Rupert (Lair:4)
  Jorgrun (Orc:2)
  4 krakens (Shoals:2)
  2 eleionomae (Shoals:3)
  An ettin (D:15)
  Josephine (Shoals:1)
  5 merfolk impalers
  A yaktaur captain (D:13)
  A rakshasa (D:11)
  Erolcha (D:12)
  2 catoblepae
  7 hydras
  4 boulder beetles
  2 merfolk avatars
  3 centaur warriors
  A death knight (D:14)
  A radroach (Spider:1)
  2 alligator snapping turtles
  4 satyrs
  3 two-headed ogres
  6 death yaks
  2 tengu warriors
  Amaemon (Lair:2)
  8 skeletal warriors
  A pharaoh ant (Spider:1)
  2 deep trolls (D:15)
  7 sea snakes
  3 orc knights
  A wolf spider zombie (D:13)
  A phantasmal warrior (D:14)
  4 harpies (Shoals:1)
  4 deep elf pyromancers
  28 fauns
  A necromancer (D:15)
  9 orc sorcerers
  7 ugly things
  9 cyclopes
  2 wolf spiders (Spider:1)
  5 manticores
  4 elephants (Lair:4)
  2 water nymphs (Shoals:3)
  3 black mambas
  7 merfolk sirens
  A torpor snail (Lair:1)
  4 gargoyles
  12 cane toads
  An orange demon (Lair:2)
  3 centaur zombies (D:13)
  A demonic crawler (Spider:1)
  A yaktaur (D:13)
  An efreet (D:15)
  A freezing wraith (D:14)
  A tengu conjurer (D:15)
  2 rime drakes (Lair:5)
  12 komodo dragons
  6 polar bears
  A meliai (Lair:3)
  A queen bee (D:9)
  17 merfolk
  3 wind drakes
  5 trolls
  7 hornets (Lair:5)
  2 tarantellas (Spider:1)
  9 blink frogs
  4 snapping turtles
  16 dream sheep
  Sigmund (D:6)
  14 spriggans (Lair:5)
  A shadow (D:13)
  A spriggan (shapeshifter) (D:13)
  10 wraiths
  A wyvern (D:8)
  2 culicivoras (Spider:1)
  2 vampires
  A human (shapeshifter) (D:15)
  6 water elementals
  27 yaks
  5 basilisks
  3 steam dragons
  7 vampire mosquitoes
  3 redbacks (Spider:1)
  10 wargs
  An acid dragon (D:12)
  8 water moccasins
  18 orc warriors
  2 sky beasts
  9 black bears
  3 ice beasts
  4 ogres (Orc:2)
  3 boggarts (Lair:5)
  30 wolves
  5 centaurs
  5 kobold brigands
  3 scorpions
  11 bullfrogs
  A gnoll sergeant (D:9)
  8 wights
  21 killer bees
  2 electric eels
  A jelly (D:5)
  14 orc priests
  4 hounds
  An iguana (D:6)
  52 orc wizards
  5 adders
  4 gnolls
  A shadow imp (D:7)
  2 white imps
  An ufetubus (D:5)
  3 dart slugs
  117 orcs
  2 ball pythons
  4 endoplasms
  A giant cockroach (D:1)
  5 goblins
  10 hobgoblins
  4 jackals
  53 kobolds
  4 quokkas
  6 bats
  2 frilled lizards (D:2)
  7 rats
  6 tentacles (Shoals:2)
812 creatures vanquished.

Vanquished Creatures (others)
  Nessos (D:15)
  2 orc wizards
  25 fungi
  124 plants
  23 tentacles (Shoals:2)
  3 withered plants (D:13)
178 creatures vanquished.

Grand Total: 990 creatures vanquished

Notes
Turn   | Place    | Note
-------+----------+-------------------------------------------
     0 | D:1      | Gumption the Minotaur Berserker began the quest for the
                  | Orb.
     0 | D:1      | Reached XP level 1. HP: 19/19 MP: 0/0
   141 | D:1      | Found a faded altar of an unknown god.
   204 | D:1      | Found Ykooduxy's Vocational Training.
   317 | D:1      | Reached XP level 2. HP: 13/27 MP: 1/1
  1073 | D:1      | Reached skill level 4 in Fighting
  1338 | D:2      | Reached ** piety under Trog
  1440 | D:2      | Reached XP level 3. HP: 23/33 MP: 2/2
  1791 | D:2      | Reached XP level 4. HP: 40/40 MP: 3/3
  1820 | D:2      | Reached skill level 5 in Axes
  2036 | D:3      | Noticed a scorpion
  2065 | D:3      | Killed a scorpion
  2066 | D:3      | Reached XP level 5. HP: 47/47 MP: 4/4
  2530 | D:3      | HP: 2/47 [orc wizard/puff of flame (7)]
  2535 | D:3      | Reached skill level 5 in Fighting
  2728 | D:3      | Reached XP level 6. HP: 40/56 MP: 5/5
  3152 | D:4      | Reached *** piety under Trog
  3248 | D:4      | Found a burning altar of Makhleb.
  3795 | D:4      | Found a shimmering blue altar of Sif Muna.
  3934 | D:5      | Entered Level 5 of the Dungeon
  4122 | D:5      | Reached skill level 5 in Armour
  4238 | D:5      | Found a hide-covered altar of Uskayaw.
  4525 | D:6      | Reached XP level 7. HP: 53/62 MP: 6/6
  4528 | D:6      | Reached **** piety under Trog
  4782 | D:6      | Noticed Sigmund
  4795 | D:6      | Reached skill level 6 in Fighting
  4812 | D:6      | Killed Sigmund
  4979 | D:6      | Reached XP level 8. HP: 50/71 MP: 7/7
  5108 | D:6      | Found a staircase to the Ecumenical Temple.
  5318 | D:6      | Found a snail-covered altar of Cheibriados.
  5409 | D:6      | Reached skill level 7 in Fighting
  5442 | D:6      | Found a sparkling altar of Nemelex Xobeh.
  5722 | D:7      | Reached skill level 10 in Axes
  6113 | D:7      | Found an opulent altar of Gozag.
  6302 | D:8      | Reached XP level 9. HP: 76/81 MP: 8/8
  6321 | D:8      | Noticed a komodo dragon
  6330 | D:8      | Reached skill level 8 in Fighting
  6337 | D:8      | Killed a komodo dragon
  6875 | D:8      | Reached ***** piety under Trog
  6948 | D:8      | Reached skill level 9 in Fighting
  6988 | D:8      | Found a staircase to the Lair.
  7808 | D:9      | Found Puxten's Book Emporium.
  7900 | D:9      | Reached XP level 10. HP: 88/91 MP: 9/9
  8060 | D:9      | Identified the +8 glaive of Symmetry {vorpal, Fly rCorr}
                  | (Trog gifted it to you on level 9 of the Dungeon)
  8060 | D:9      | Received a gift from Trog
  8091 | D:9      | Found a staircase to the Orcish Mines.
  8449 | D:9      | Reached skill level 10 in Fighting
  8568 | D:9      | Found a basalt altar of Yredelemnul.
  8712 | D:10     | Entered Level 10 of the Dungeon
  8730 | D:10     | Reached skill level 10 in Armour
  9418 | D:11     | Noticed a gargoyle
  9428 | D:11     | Killed a gargoyle
  9682 | D:11     | Noticed a two-headed ogre
  9692 | D:11     | Killed a two-headed ogre
  9693 | D:11     | Reached XP level 11. HP: 54/101 MP: 10/10
  9888 | D:11     | Noticed a green ugly thing
  9930 | D:11     | Killed a green ugly thing
 10096 | D:11     | Noticed a tengu warrior
 10131 | D:11     | Killed a tengu warrior
 10132 | D:11     | Reached skill level 11 in Fighting
 10190 | D:11     | Reached skill level 10 in Shields
 10190 | D:11     | Reached XP level 12. HP: 110/110 MP: 11/11
 10231 | D:11     | Noticed a rakshasa
 10244 | D:11     | Killed a rakshasa
 10245 | D:11     | Reached skill level 15 in Axes
 10401 | Lair:1   | Entered Level 1 of the Lair of Beasts
 10481 | Lair:1   | Noticed an eight-headed hydra
 10494 | Lair:1   | Killed an eight-headed hydra
 11386 | Lair:1   | Received a gift from Trog
 11918 | Lair:2   | Noticed a five-headed hydra
 11932 | Lair:1   | Killed a five-headed hydra
 12138 | Lair:2   | Noticed Amaemon
 12200 | Lair:2   | Killed Amaemon
 12201 | Lair:2   | Reached skill level 12 in Fighting
 12354 | Lair:2   | Noticed a seven-headed hydra
 12374 | Lair:2   | Killed a seven-headed hydra
 13439 | Lair:3   | Found a staircase to the Shoals.
 13459 | Lair:3   | Reached XP level 13. HP: 86/119 MP: 12/12
 13770 | Lair:3   | Identified the +2 robe of Grottiness {Rampage Fly MP+9
                  | Int-3}
 14122 | Lair:3   | Found a hole to the Spider Nest.
 14828 | Lair:4   | You fall into a shaft and drop 1 floor!
 14828 | Lair:5   | Entered Level 5 of the Lair of Beasts
 14838 | Lair:5   | Reached skill level 13 in Fighting
 14956 | Lair:4   | Noticed Rupert
 14957 | Lair:4   | Paralysed by Rupert for 2 turns
 14979 | Lair:4   | Killed Rupert
 16468 | Lair:4   | Found a staircase to the Slime Pits.
 17042 | Lair:5   | Reached skill level 5 in Dodging
 17493 | Lair:5   | Reached skill level 14 in Fighting
 17754 | Lair:5   | Reached XP level 14. HP: 110/132 MP: 13/13
 18058 | Lair:5   | Paralysed by a hornet for 3 turns
 18106 | Lair:5   | Received a gift from Trog
 19854 | D:11     | Identified a scroll of acquirement
 19855 | D:11     | Acquired the +2 pair of gloves of Utac {Regen+}
 20278 | D:12     | Noticed Erolcha
 20293 | D:12     | Killed Erolcha
 20548 | D:12     | Found Vecitoq's General Store.
 20708 | D:12     | Identified the ring of Efyapa {rElec rF+ rN+ Dex-4 Stlth+}
 20822 | D:12     | Bought a scroll of blinking for 90 gold pieces
 20822 | D:12     | Bought a scroll of enchant weapon for 90 gold pieces
 21166 | D:13     | Found a gate to the Vaults.
 21416 | D:13     | Reached skill level 15 in Fighting
 21720 | D:13     | Acquired 419 gold pieces
 21919 | D:13     | Found a bloodstained altar of Trog.
 22240 | D:14     | Reached skill level 10 in Dodging
 22363 | D:14     | Reached skill level 15 in Armour
 22368 | D:14     | Received a gift from Trog
 22429 | D:14     | Found a white marble altar of Elyvilon.
 22509 | D:14     | Reached XP level 15. HP: 130/141 MP: 14/14
 22734 | D:14     | Reached skill level 15 in Shields
 22743 | D:14     | Found a transporter.
 22748 | D:14     | Noticed an Executioner
 22782 | D:14     | You fall into a shaft and drop 1 floor!
 22782 | D:15     | Entered Level 15 of the Dungeon
 22957 | D:14     | Found a one-way gate to the infinite horrors of the Abyss.
 22963 | D:14     | Noticed Zippel's ghost (journeyman FoAr)
 22974 | D:14     | Found a transporter.
 23156 | D:15     | Noticed Nessos
 23171 | D:15     | Killed Nessos
 23471 | D:15     | Found a portal to a secret trove of treasure.
 23657 | D:15     | Found a staircase to the Depths.
 23814 | D:15     | Found a hide-covered altar of Uskayaw.
 24287 | Orc:1    | Entered Level 1 of the Orcish Mines
 24659 | Orc:2    | Entered Level 2 of the Orcish Mines
 24835 | Orc:2    | Received a gift from Trog
 25051 | Orc:2    | Noticed Jorgrun
 25074 | Orc:2    | Killed Jorgrun
 25122 | Orc:2    | Found a staircase to the Elven Halls.
 25347 | Orc:2    | Found Carael's General Store.
 25369 | Orc:2    | Found Kiokkuro's Jewellery Shoppe.
 25379 | Orc:2    | Reached skill level 16 in Fighting
 25453 | Orc:2    | Found Afuplu's Book Boutique.
 25453 | Orc:2    | Found Edathiof's Weapon Shoppe.
 25469 | Orc:2    | Found Qounlivi's Book Shop.
 25794 | Orc:2    | Bought a manual of Fighting for 1200 gold pieces
 25827 | Orc:2    | Bought a scroll of blinking for 105 gold pieces
 25827 | Orc:2    | Bought a scroll of identify for 28 gold pieces
 25827 | Orc:2    | Bought a scroll of acquirement for 728 gold pieces
 25849 | Orc:2    | Acquired the +0 tower shield "Fahiuwucae" {Will+}
 26097 | Shoals:1 | Entered Level 1 of the Shoals
 26228 | Shoals:1 | Received a gift from Trog
 26603 | Shoals:1 | Found Ohenolye's Antique Armour Shop.
 26603 | Shoals:1 | Noticed Josephine
 26618 | Shoals:1 | Killed Josephine
 27403 | Shoals:2 | Noticed a kraken
 27405 | Shoals:2 | Reached XP level 16. HP: 150/154 MP: 15/15
 27546 | Shoals:2 | Reached skill level 17 in Fighting
 28179 | Shoals:2 | Found Vyfiestry's Weapon Boutique.
 28454 | Shoals:2 | Noticed a kraken
 28646 | Shoals:2 | Killed a kraken
 28806 | Shoals:2 | Killed a kraken
 28889 | Shoals:2 | Noticed a kraken
 28903 | Shoals:2 | Killed a kraken
 29011 | Shoals:2 | Noticed a kraken
 29019 | Shoals:2 | Killed a kraken
 29020 | Shoals:2 | Reached skill level 18 in Fighting
 29576 | Shoals:3 | Reached ****** piety under Trog
 29869 | Shoals:3 | Reached skill level 19 in Fighting
 29878 | Shoals:3 | Found Keohafu's Antique Armour Shoppe.
 29920 | Shoals:3 | Identified Roxanne's Meditations on Geology
 29920 | Shoals:3 | Noticed Roxanne
 29979 | Shoals:3 | Received a gift from Trog
 30569 | Spider:1 | Entered Level 1 of the Spider Nest
 30600 | Spider:1 | HP: 9/240 [wolf spider (9)]
 30603 | Spider:1 | HP: 4/241 [poisoned by a redback]
 30604 | Spider:1 | Slain by a tarantella

Illustrated notes

Levels and vault maps discovered:
D:1:      sevenhm_arrival_forest_fort_large_2, layout_loops_ring,
          hellmonk_ecumenical_altar_inner_sanctum, hex_medium,
          minmay_fountain_box, nicolae_shop_vocational
D:2:      layout_rooms, cheibrodos_gnoll_hut
D:3:      layout_basic, chequers_serial_rivers_micro_e
D:4:      kennysheep_kobold_camp, layout_rooms, mainiacjoe_overflow_alcove_2,
          bloody_makhleb
D:5:      layout_rooms, mainiacjoe_overflow_concentric_impassable
D:6:      layout_basic, nemelex_diamond_rough_becter, kennysheep_mini_moat,
          minmay_temple_entry_glass, kennysheep_diamond, uniq_sigmund
D:7:      layout_rooms, nicolae_overflow_hidden_temple
D:8:      layout_loops_ring, grunt_lair_entry_orc_guard_hut
D:9:      layout_roguey, yredelemnul_altar_generic, david_orc_5, serial_shops,
          nicolae_inconvenience_store, nicolae_looking_at_the_future
D:10:     layout_loops_ring, hangedman_decor_growths
D:11:     minmay_cut_squares, layout_loops_corners, minivault_16
D:12:     layout_big_octagon, serial_shops, shop, minmay_misc_feat_rugged,
          uniq_erolcha
D:13:     layout_gridville, david_vaults_2, serial_undead, serial_undead_f,
          serial_undead_b, serial_undead_a, serial_undead_e, kennysheep_doodads,
          trog_hazing_becter
D:14:     layout_small_grid, gammafunk_ghost_abyssal_escape,
          nicolae_elyvilon_temple_path
D:15:     hangedman_depths_entry_civil_slaughter, layout_gridville,
          nicolae_uskayaw_dance_hall, enter_trove_2, uniq_nessos
Lair:1:   layout_cave_pods
Lair:2:   layout_hall_layers, uniq_amaemon
Lair:3:   layout_small_grid, elwin_shoals_entry_rocks,
          hellmonk_spider_entry_not_the_bees, grunt_megastairs_1,
          serial_bayou_shore_a
Lair:4:   layout_gridlike, dpeg_slime_entry_corner, grunt_megastairs_4,
          uniq_rupert
Lair:5:   minmay_lair_end_enchanted_forest, layout_hall_layers,
          lemuel_fruit_fields, lemuel_fruit_tree
Shoals:1: layout_shoals, serial_shops, shop, uniq_josephine
Shoals:2: layout_shoals, serial_shops, nicolae_shop_hallway_plus
Shoals:3: layout_shoals, serial_shops, shop_statue,
          nicolae_shoals_enchanted_isle, uniq_roxanne
Spider:1: layout_spider_delve, uniq_donald
Orc:1:    layout_caves
Orc:2:    st_orc_town, layout_caves, serial_shops, shop, uniq_jorgrun

Skill      XL: |  1  2  3  4  5  6  7  8  9 10 11 12 13 14 15 16 |
---------------+-------------------------------------------------+-----
Axes           | 4 5 6 7 8 10 12 14 16 18 | 18.0
Fighting       | 4 5 6 7 9 10 11 12 14 15 16 19 | 19.4
Armour         | 3 4 5 6 7 9 10 12 13 15 16 17 | 17.6
Shields        | 10 12 13 14 16 17 | 17.5
Dodging        | 6 10 | 10.0

Action                   |  1- 3 |  4- 6 |  7- 9 | 10-12 | 13-15 | 16-18 || total
-------------------------+-------+-------+-------+-------+-------+-------++-------
Melee: Hand axe          |    80 |    46 |       |       |       |       ||   126
       Headbutt          |     9 |    30 |    51 |    99 |   351 |    85 ||   625
       War axe           |       |   136 |   244 |   378 |   797 |       ||  1555
       Punch             |       |       |       |     1 |       |       ||     1
       Trident           |       |       |       |    17 |    28 |       ||    45
       Short sword       |       |       |       |     7 |       |       ||     7
       Broad axe         |       |       |       |       |   582 |   327 ||   909
Invok: Berserk           |     1 |     2 |     1 |     6 |     4 |     2 ||    16
       Trog's Hand       |       |       |     1 |     2 |    20 |     1 ||    24
Evoke: Wand              |       |       |       |       |       |     1 ||     1
  Use: Scroll            |       |     8 |       |     5 |    18 |     3 ||    34
       Potion            |       |       |       |     2 |     2 |     2 ||     6
Armor: Animal skin       |     5 |       |       |       |       |       ||     5
       Chain mail        |    25 |    96 |    96 |       |       |       ||   217
       Scale mail        |     5 |       |       |       |       |       ||     5
       Plate armour      |       |       |    17 |   179 |   488 |   140 ||   824
Dodge: Dodged            |    40 |    58 |    95 |    99 |   219 |    59 ||   570
Block: Other             |       |       |       |     9 |       |       ||     9
       Reflection        |       |       |       |     2 |    41 |    55 ||    98
       Kite shield       |       |       |       |   199 |   809 |       ||  1008
       Tower shield      |       |       |       |       |   161 |   374 ||   535
